 Dungeon Crawl Stone Soup version 0.28-a0-46-g7b1be97da7 (webtiles) character file.

Game seed: 4239121734088051698

221 Mesmaeker13 the Ducker (level 5, 22/22 HPs)
             Began as a Felid Transmuter on July 29, 2021.
             Got out of the dungeon alive.
             The game lasted 00:09:56 (6733 turns).

Mesmaeker13 the Ducker (Felid Transmuter)           Turns: 6733, Time: 00:09:57

Health: 22/22      AC:  2    Str:  6    XL:     5   Next: 65%
Magic:  9/9        EV: 20    Int: 16    God:
Gold:   258        SH:  0    Dex: 17    Spells: 2/8 levels left
                                        Lives:  0   Deaths: 2

rFire   . . .      SeeInvis +     - Unarmed
rCold   . . .      Faith    .   (shield unavailable)
rNeg    . . .      Spirit   .   (armour unavailable)
rPois   .          Reflect  .   (helmet unavailable)
rElec   .          Harm     .   (cloak unavailable)
rCorr   .          Rampage  .   (gloves unavailable)
Will    .....                   (boots unavailable)
Stlth   ++........              (no amulet)
HPRegen 0.07/turn               (no ring)
MPRegen 0.11/turn               (no ring)

@: quick
A: very small, claws 1, fangs 3, see invisible, speed 1, shaggy fur 2, stealthy
paws, no weapons or thrown items, no armour, multi-lived
a: no special abilities


You escaped.
You visited 1 branch of the dungeon, and saw 5 of its levels.

You collected 280 gold pieces.
You spent 22 gold pieces at shops.

Inventory:

Wands
 m - a wand of digging (8)
Scrolls
 c - a scroll of amnesia
 d - 2 scrolls of vulnerability
 g - a scroll of acquirement {unknown}
 h - a scroll of enchant armour {unknown}
 k - 4 scrolls of immolation
 l - a scroll of holy word {unknown}
Potions
 a - a potion of mutation {unknown}
 b - a potion of haste {unknown}
 e - a potion of brilliance
 f - 2 potions of flight
 i - a potion of cancellation {unknown}
 j - a potion of curing {unknown}


   Skills:
 - Level 1.0 Fighting
 + Level 6.4 Dodging
 + Level 5.2 Unarmed Combat
 - Level 2.2 Spellcasting
 + Level 5.3 Transmutations
 + Level 2.2 Poison Magic


You had 2 spell levels left.
You knew the following spells:

 Your Spells              Type           Power      Damage    Failure   Level
a - Beastly Appendage     Tmut           36%        N/A       2%          1
b - Wereblood             Tmut           18%        N/A       3%          2
c - Spider Form           Tmut/Pois      6%         N/A       13%         3

Your spell library contained the following spells:

 Spells                   Type           Power      Damage    Failure   Level
 Magic Dart               Conj           4%         1d3       21%         1
 Call Imp                 Summ           1%         N/A       30%         2
 Mephitic Cloud           Conj/Pois/Air  4%         N/A       41%         3
 Blade Hands              Tmut           9%         N/A       54%         5
 Ice Form                 Ice/Tmut       10%        N/A       56%         4
 Portal Projectile        Hex/Tloc       Unusable   N/A       N/A         3
 Excruciating Wounds      Necr           Unusable   N/A       N/A         5

Dungeon Overview and Level Annotations

Branches:
Dungeon (5/15)
 Temple: D:4-7

Altars:
Cheibriados
Hepliaklqana
Trog
Xom

Shops:
D:3 [?

Annotations:
D:3 1 exclusion
D:5 Pikel


Innate Abilities, Weirdness & Mutations

You have sharp claws.
You have razor-sharp teeth.
You have supernaturally acute eyesight. (SInv)
You cover ground quickly. (Speed+)
You are covered in thick fur. (AC +2)
Your paws help you pounce on unaware monsters.
You are incapable of wielding weapons or throwing items.
You cannot wear armour.
You gain extra lives every three experience levels.


Message History

You are too injured to fight recklessly!
There are monsters nearby!
There are monsters nearby!
Save game and exit?
Welcome back, Mesmaeker13 the Felid Transmuter.
Press ? for a list of commands and other information.
Welcome back, Mesmaeker13 the Felid Transmuter.
Press ? for a list of commands and other information.
Welcome back, Mesmaeker13 the Felid Transmuter.
Press ? for a list of commands and other information.
You scratch the lemure.
The lemure is lightly wounded.
The lemure hits you!
You die...
Your shape twists and changes as you die.
The lemure closely misses you.
You are now level 5!
Your horns disappear.
You rejoin the land of the living...
Unknown command.
There is a stone staircase leading up here.
(D) Dungeon
Where to? (? - help)
What level of the Dungeon? (default 1, ? - help)
There is a stone staircase leading up here.
You climb upwards.
Level annotation: 1 exclusion
There is a stone staircase leading down here.
There is a stone staircase leading up here.
You climb upwards.
There is a stone staircase leading down here.
There is a stone staircase leading up here.
You climb upwards.
There is a stone staircase leading down here.
There is an open door here.
There is an open door here.
There is an open door here.
There is a staircase leading out of the dungeon here.
Are you sure you want to leave the Dungeon?
This will make you lose the game!
You have escaped!

.#..#..P.P.P.#..#
.#..#.P...P..#..#
.#..#..P.P...#..#
.#..#...P.P..#..#
.#..#....P.P.#..#
.#'##........#'##
##..##########..##
#....'......#....#
#....#......'...@#
##..##########..##
#### ####


There were no monsters in sight!

Vanquished Creatures
  A black bear (D:4)
  A hornet zombie (D:4)
  A necrophage (D:4)
  2 scorpions (D:4)
  A hound (D:4)
  2 orc priests
  A bullfrog skeleton (D:4)
  An orc wizard (D:3)
  7 gnolls
  5 adders
  2 worms
  5 dart slugs
  13 orcs
  3 bats
  5 endoplasms
  3 giant cockroaches
  3 goblins
  6 hobgoblins
  4 jackals
  A quokka (D:4)
  5 ball pythons
  3 frilled lizards
  6 kobolds
  7 rats
88 creatures vanquished.

Notes
Turn   | Place    | Note
-------+----------+-------------------------------------------
     0 | D:1      | Mesmaeker13 the Felid Transmuter began the quest for the
                  | Orb.
     0 | D:1      | Reached XP level 1. HP: 9/9 MP: 4/4
   193 | D:1      | Reached skill level 3 in Dodging
   316 | D:1      | Reached XP level 2. HP: 12/12 MP: 4/6
  1327 | D:2      | Learned a level 2 spell: Wereblood
  1724 | D:2      | Reached XP level 3. HP: 15/15 MP: 5/7
  2329 | D:2      | Found a snail-covered altar of Cheibriados.
  2556 | D:3      | Reached skill level 4 in Dodging
  2556 | D:3      | Reached XP level 4. HP: 16/19 MP: 8/8
  2725 | D:3      | Found Dokana's Magic Scroll Shop.
  2733 | D:3      | Bought a scroll of identify for 22 gold pieces
  3161 | D:3      | Reached XP level 5. HP: 13/22 MP: 9/9
  3452 | D:3      | Found a shimmering altar of Xom.
  3455 | D:3      | Found a hazy altar of Hepliaklqana.
  3456 | D:3      | Noticed a spectral ugly thing
  3662 | D:3      | Found Kepyixku's Antique Armour Shoppe.
  3923 | D:3      | Noticed a moth of wrath
  3926 | D:3      | Found a bloodstained altar of Trog.
  4158 | D:4      | Noticed a black bear
  4288 | D:2      | Found a faded altar of an unknown god.
  4436 | D:4      | Noticed a necrophage
  4452 | D:4      | Killed a necrophage
  4453 | D:4      | Reached skill level 5 in Dodging
  4453 | D:4      | Gained mutation: You are covered in thick fur. (AC +2)
                  | [Felid growth]
  4453 | D:4      | Reached XP level 6. HP: 20/25 MP: 10/10
  4457 | D:4      | Learned a level 3 spell: Spider Form
  4937 | D:4      | Reached skill level 1 in Poison Magic
  5049 | D:4      | Reached XP level 7. HP: 28/28 MP: 11/11
  5079 | D:4      | Reached skill level 5 in Unarmed Combat
  5088 | D:4      | Reached skill level 5 in Transmutations
  5269 | D:4      | Reached skill level 6 in Dodging
  5811 | D:5      | Entered Level 5 of the Dungeon
  5949 | D:5      | HP: 1/28 [ogre (25)]
  6211 | D:4      | Mangled by a hornet zombie
  6212 | D:4      | Reached XP level 6. HP: -8/25 MP: 7/10
  6554 | D:5      | Noticed Pikel
  6574 | D:4      | Slain by a lemure
  6575 | D:4      | Reached XP level 5. HP: -3/22 MP: 9/9
  6733 | D:$      | Got out of the dungeon alive.

Illustrated notes

Levels and vault maps discovered:
D:1:      sevenhm_arrival_forest_fort_large_4, layout_loops_ring
D:2:      layout_basic, serial_forest, infiniplex_forest_straight_4,
          infiniplex_forest_corner_1, infiniplex_forest_lined_1,
          infiniplex_forest_straight_5, basic_ecumenical_altar, basic_altar
D:3:      layout_loops_ring, regret_index_temple_of_mockery, tgw_trog,
          serial_shops, nicolae_shop_crystal, nicolae_diamond_shop,
          chequers_serial_rivers_small_a
D:4:      layout_cave_pools
D:5:      layout_loops_cross, moated_statue, uniq_pikel

Skill      XL: |  1  2  3  4  5  6  7 |
---------------+----------------------+-----
Dodging        | 3 4 5 6 |  6.4
Transmutations | 3 4 5 |  5.3
Unarmed Combat | 4 5 |  5.2
Poison Magic   | 1 2 |  2.2
Fighting       | |  1.0
Spellcasting   | |  2.2

Action                   |  1- 3 |  4- 6 |  7- 9 || total
-------------------------+-------+-------+-------++-------
Melee: Unarmed           |    99 |   157 |    71 ||   327
       Bite              |     9 |    15 |     8 ||    32
       Headbutt          |    10 |    30 |    10 ||    50
       Punch             |     1 |     5 |       ||     6
 Cast: Beastly Appendage |    27 |    30 |    11 ||    68
       Wereblood         |     1 |       |       ||     1
       Spider Form       |       |     1 |     1 ||     2
  Use: Scroll            |     2 |     4 |     1 ||     7
 Stab: Sleeping          |     2 |       |       ||     2
Armor: Skin              |     2 |     7 |     4 ||    13
Dodge: Dodged            |    85 |   131 |    63 ||   279

Table legend: (Time is in decaauts)
 A = Elapsed time spent in this place.
 B = Non-inter-level travel time spent in this place.
 C = Inter-level travel time spent in this place.
 D = Time resting spent in this place.
 E = Time spent auto-exploring this place.
 F = Levels seen in this place.
 G = Mean time per level.
                   A        B        C        D        E       F      G
               +--------+--------+--------+--------+--------+-----+--------+
         Total |   6093 |   5704 |    389 |   1695 |   2997 |   5 | 1218.6 |
       Dungeon |   6093 |   5704 |    389 |   1695 |   2997 |   5 | 1218.6 |
               +--------+--------+--------+--------+--------+-----+--------+

Top non-repeatable levels by time:
     D:3: 1725 daAuts
     D:4: 1721 daAuts
     D:1: 1255 daAuts
     D:2: 1233 daAuts
     D:5: 159 daAuts
